APP
MIAMI (APP) MARLINS @ JOHNSON CITY CARDINALS
08/21/2048
 
TOP OF THE 1ST
Miami (APP) Marlins batting - Pitching for Johnson City Cardinals : RHP Jaquan Alston
Pitching: RHP Jaquan Alston
Batting: RHB Robbie Gomez 0-0: Swinging Strike
0-1: Foul Ball, location: 2F
0-2: Ball
1-2: Foul Ball, location: 2F
1-2: Ground out 5-3 (Groundball, 56S, EV 65.6 MPH)
Batting: RHB Tony Ledezma 0-0: Ball
1-0: Fly out, F7 (Flyball, 7LM, EV 85.6 MPH)
Batting: RHB Clark Meagher 0-0: Called Strike
0-1: Called Strike
0-2: Ball
1-2: Fly out, F7 (Flyball, 78S, EV 91.9 MPH)
Top of the 1st over - 0 runs, 0 hits, 0 errors, 0 left on base; Miami (APP) 0 - Johnson City 0
BOTTOM OF THE 1ST
Johnson City Cardinals batting - Pitching for Miami (APP) Marlins : RHP Josue Rubio
Pitching: RHP Josue Rubio
Batting: RHB Juan Carrillo 0-0: Ball
1-0: SINGLE (Line Drive, 8LS, EV 88.1 MPH)
Batting: RHB Kyle Burns 0-0: Called Strike
Juan Carrillo steals 2nd base (no throw)
0-1: Swinging Strike
0-2: Ball
1-2: Ball
2-2: Ball
3-2: Base on Balls
Batting: SHB Justin Houser 0-0: Called Strike
0-1: Called Strike
Juan Carrillo steals 3rd base
0-2: Strikes out swinging
Batting: LHB Ignacio Ocampo 0-0: Ball
1-0: Called Strike
1-1: Called Strike
1-2: Fly out, F2 (Popup, 2LF, EV 86.9 MPH)
Batting: RHB Pablo Nunez 0-0: Ball
1-0: Foul Ball, location: 2F
1-1: Swinging Strike
Passed Ball!
Juan Carrillo scores
Kyle Burns to second
1-2: Ball
2-2: Foul Ball, location: 2F
2-2: Foul Ball, location: 2F
2-2: Ball
3-2: Foul Ball, location: 2F
3-2: Strikes out looking
Bottom of the 1st over - 1 run, 1 hit, 0 errors, 1 left on base; Miami (APP) 0 - Johnson City 1
TOP OF THE 2ND
Miami (APP) Marlins batting - Pitching for Johnson City Cardinals : RHP Jaquan Alston
Batting: RHB Rick English 0-0: SINGLE (Groundball, 34, EV 95.0 MPH)
Batting: LHB Tony Olmos 0-0: Grounds into double play, 4-6-3 (Groundball, 4, EV 83.8 MPH)
Batting: RHB David Martin 0-0: SINGLE (Line Drive, 89S, EV 107.5 MPH)
Batting: RHB Axel Moltke 0-0: Ball
1-0: Ball
2-0: Foul Ball, location: 2F
2-1: Ball
3-1: Base on Balls
David Martin to second
Batting: RHB Terrell Smith 0-0: Swinging Strike
0-1: Foul Ball, location: 2F
0-2: Ball
1-2: Ball
2-2: Ball
3-2: Strikes out swinging
Top of the 2nd over - 0 runs, 2 hits, 0 errors, 2 left on base; Miami (APP) 0 - Johnson City 1
BOTTOM OF THE 2ND
Johnson City Cardinals batting - Pitching for Miami (APP) Marlins : RHP Josue Rubio
Batting: RHB Jonathan Winkler 0-0: Called Strike
0-1: Ground out 6-3 (Groundball, P, EV 86.2 MPH)
Batting: SHB Justin Towry 0-0: Ball
1-0: Ball
2-0: Foul Ball, location: 2F
2-1: Foul Ball, location: 2F
2-2: Strikes out swinging
Batting: RHB Johnny Lowe 0-0: Ball
1-0: Called Strike
1-1: Swinging Strike
1-2: Ball
2-2: SINGLE (Groundball, 56, EV 108.1 MPH)
Batting: RHB Geoff Musico 0-0: Called Strike
0-1: Ball
1-1: Ball
2-1: Called Strike
2-2: Ball
3-2: Fly out, F8 (Flyball, 8LD, EV 88.1 MPH)
Bottom of the 2nd over - 0 runs, 1 hit, 0 errors, 1 left on base; Miami (APP) 0 - Johnson City 1
TOP OF THE 3RD
Miami (APP) Marlins batting - Pitching for Johnson City Cardinals : RHP Jaquan Alston
Batting: RHB Hikaru Nakata 0-0: Swinging Strike
0-1: Foul Ball, location: 2F
0-2: Strikes out swinging
Batting: RHB Robbie Gomez 0-0: Called Strike
0-1: Ground out 6-3 (Groundball, 6, EV 86.2 MPH)
Batting: RHB Tony Ledezma 0-0: Ball
1-0: DOUBLE (Line Drive, 9LS, EV 110.6 MPH)
Batting: RHB Clark Meagher 0-0: Ball
1-0: Ball
2-0: Ball
3-0: Called Strike
3-1: Swinging Strike
3-2: Strikes out swinging
Top of the 3rd over - 0 runs, 1 hit, 0 errors, 1 left on base; Miami (APP) 0 - Johnson City 1
BOTTOM OF THE 3RD
Johnson City Cardinals batting - Pitching for Miami (APP) Marlins : RHP Josue Rubio
Batting: RHB Juan Carrillo 0-0: Ball
1-0: Ball
2-0: DOUBLE (Line Drive, 89D, EV 108.8 MPH)
Batting: RHB Kyle Burns 0-0: Foul Ball, location: 2F
0-1: Ball
1-1: Swinging Strike
1-2: Ground out 6-3 (Groundball, 6, EV 108.8 MPH)
Batting: SHB Justin Houser 0-0: Called Strike
0-1: Ball
1-1: Ball
2-1: Ball
3-1: Fly out, F6 (Line Drive, 6M, EV 70.6 MPH)
Batting: LHB Ignacio Ocampo 0-0: Ball
1-0: Called Strike
1-1: SINGLE (Line Drive, 7LS, EV 93.1 MPH)
Juan Carrillo to third
Batting: RHB Pablo Nunez 0-0: Ball
1-0: Ball
2-0: Ball
3-0: Base on Balls
Ignacio Ocampo to second
Batting: RHB Jonathan Winkler 0-0: Foul Ball, location: 2F
0-1: Ball
1-1: Foul Ball, location: 2F
1-2: Foul Ball, location: 2F
1-2: Ball
2-2: Strikes out swinging
Bottom of the 3rd over - 0 runs, 2 hits, 0 errors, 3 left on base; Miami (APP) 0 - Johnson City 1
TOP OF THE 4TH
Miami (APP) Marlins batting - Pitching for Johnson City Cardinals : RHP Jaquan Alston
Batting: RHB Rick English 0-0: Foul Ball, location: 2F
0-1: Swinging Strike
0-2: Strikes out swinging
Batting: LHB Tony Olmos 0-0: Fly out, F9 (Flyball, 9S, EV 85.0 MPH)
Batting: RHB David Martin 0-0: Called Strike
0-1: SINGLE (Flyball, 89S, EV 93.8 MPH)
Batting: RHB Axel Moltke 0-0: Called Strike
0-1: Ground out 4-3 (Groundball, 34S, EV 91.9 MPH)
Top of the 4th over - 0 runs, 1 hit, 0 errors, 1 left on base; Miami (APP) 0 - Johnson City 1
BOTTOM OF THE 4TH
Johnson City Cardinals batting - Pitching for Miami (APP) Marlins : RHP Josue Rubio
Batting: SHB Justin Towry 0-0: Called Strike
0-1: Ball
1-1: Swinging Strike
1-2: Ball
2-2: Foul Ball, location: 2F
2-2: Ball
3-2: Base on Balls
Batting: RHB Johnny Lowe 0-0: Ball
1-0: Swinging Strike
1-1: Foul Ball, location: 2F
1-2: Strikes out swinging
Batting: RHB Geoff Musico 0-0: Foul Ball, location: 2F
0-1: Fly out, F8 (Flyball, 8LD, EV 102.5 MPH)
Batting: RHB Juan Carrillo 0-0: Ball
1-0: 2-RUN HOME RUN (Flyball, 78XD, EV 106.2 MPH), Distance : 409 ft
Batting: RHB Kyle Burns 0-0: Ball
1-0: Ball
2-0: Fly out, F8 (Flyball, 78M, EV 94.4 MPH)
Bottom of the 4th over - 2 runs, 1 hit, 0 errors, 0 left on base; Miami (APP) 0 - Johnson City 3
TOP OF THE 5TH
Miami (APP) Marlins batting - Pitching for Johnson City Cardinals : RHP Jaquan Alston
Batting: RHB Terrell Smith 0-0: Called Strike
0-1: Ground out 6-3 (Groundball, 6, EV 105.0 MPH)
Batting: RHB Hikaru Nakata 0-0: SINGLE (Groundball, 6MD, EV 111.9 MPH)
Batting: RHB Robbie Gomez 0-0: Called Strike
0-1: Called Strike
0-2: Strikes out swinging
Batting: RHB Tony Ledezma 0-0: Called Strike
Hikaru Nakata is caught stealing 2nd base 2-4
Top of the 5th over - 0 runs, 1 hit, 0 errors, 0 left on base; Miami (APP) 0 - Johnson City 3
BOTTOM OF THE 5TH
Johnson City Cardinals batting - Pitching for Miami (APP) Marlins : RHP Josue Rubio
Batting: SHB Justin Houser 0-0: Called Strike
0-1: SINGLE (Flyball, 6MD, EV 88.1 MPH)
Batting: LHB Ignacio Ocampo 0-0: Ball
1-0: Ball
2-0: Called Strike
2-1: Swinging Strike
2-2: Strikes out swinging
Batting: RHB Pablo Nunez 0-0: 2-RUN HOME RUN (Flyball, 8LXD, EV 115.0 MPH), Distance : 442 ft
Pitching: RHP Eric Schafer
Batting: RHB Jonathan Winkler 0-0: Swinging Strike
0-1: Swinging Strike
0-2: Ball
1-2: Strikes out swinging
Batting: SHB Justin Towry 0-0: Ball
1-0: Ground out 6-3 (Groundball, 6M, EV 102.5 MPH)
Bottom of the 5th over - 2 runs, 2 hits, 0 errors, 0 left on base; Miami (APP) 0 - Johnson City 5
TOP OF THE 6TH
Miami (APP) Marlins batting - Pitching for Johnson City Cardinals : RHP Jaquan Alston
Batting: RHB Tony Ledezma 0-0: Ball
1-0: Ball
2-0: Called Strike
2-1: Ball
3-1: Swinging Strike
3-2: Ground out 4-3 (Groundball, 4M, EV 87.5 MPH)
Batting: RHB Clark Meagher 0-0: Foul Ball, location: 2F
0-1: Ball
1-1: Ball
2-1: Ball
3-1: Fly out, F8 (Flyball, 89D, EV 105.6 MPH)
Batting: RHB Rick English 0-0: Ball
1-0: Ball
2-0: Foul Ball, location: 2F
2-1: Ball
3-1: Called Strike
3-2: Fly out, F9 (Flyball, 9D, EV 107.5 MPH)
Top of the 6th over - 0 runs, 0 hits, 0 errors, 0 left on base; Miami (APP) 0 - Johnson City 5
BOTTOM OF THE 6TH
Johnson City Cardinals batting - Pitching for Miami (APP) Marlins : RHP Eric Schafer
Batting: RHB Johnny Lowe 0-0: Ball
1-0: Called Strike
1-1: Ball
2-1: Ball
3-1: Foul Ball, location: 2F
3-2: Base on Balls
Batting: RHB Geoff Musico 0-0: Called Strike
Johnny Lowe is caught stealing 2nd base 2-4
0-1: Ball
1-1: Foul Ball, location: 2F
1-2: SOLO HOME RUN (Flyball, 7LD, EV 100.0 MPH), Distance : 348 ft
Batting: RHB Juan Carrillo 0-0: Called Strike
0-1: Ball
1-1: Foul Ball, location: 2F
1-2: Fly out, F7 (Flyball, 7LD, EV 83.8 MPH)
Batting: RHB Kyle Burns 0-0: Swinging Strike
0-1: Ball
1-1: Ball
2-1: Foul Ball, location: 2F
2-2: Ball
3-2: Fly out, F3 (Popup, 3F, EV 55.0 MPH)
Bottom of the 6th over - 1 run, 1 hit, 0 errors, 0 left on base; Miami (APP) 0 - Johnson City 6
TOP OF THE 7TH
Miami (APP) Marlins batting - Pitching for Johnson City Cardinals : RHP Jaquan Alston
Batting: LHB Tony Olmos 0-0: Ball
1-0: Ball
2-0: Ball
3-0: Base on Balls
Batting: RHB David Martin 0-0: Ball
1-0: Ground out 5-3 (Groundball, 56S, EV 65.0 MPH)
Tony Olmos to second
Batting: RHB Axel Moltke 0-0: Ball
1-0: Called Strike
1-1: Foul Ball, location: 2F
1-2: Ball
2-2: Ball
3-2: Fly out, F9 (Flyball, 89S, EV 84.4 MPH)
Batting: RHB Terrell Smith 0-0: Called Strike
0-1: Swinging Strike
0-2: Strikes out swinging
Top of the 7th over - 0 runs, 0 hits, 0 errors, 1 left on base; Miami (APP) 0 - Johnson City 6
BOTTOM OF THE 7TH
Johnson City Cardinals batting - Pitching for Miami (APP) Marlins : RHP Eric Schafer
Batting: SHB Justin Houser 0-0: Swinging Strike
0-1: Ball
1-1: Swinging Strike
1-2: Ball
2-2: Ball
3-2: Fly out, F7 (Flyball, 78D, EV 82.5 MPH)
Batting: LHB Ignacio Ocampo 0-0: Ground out U3 (Groundball, 3, EV 95.0 MPH)
Batting: RHB Pablo Nunez 0-0: SINGLE (Groundball, 6D, EV 100.6 MPH)
Batting: RHB Jonathan Winkler 0-0: Ball
1-0: Ball
2-0: Ball
3-0: Called Strike
3-1: Fly out, F7 (Line Drive, 7, EV 96.9 MPH)
Bottom of the 7th over - 0 runs, 1 hit, 0 errors, 1 left on base; Miami (APP) 0 - Johnson City 6
TOP OF THE 8TH
Miami (APP) Marlins batting - Pitching for Johnson City Cardinals : RHP Jaquan Alston
Pitching: RHP Steve Holmes
Batting: RHB Hikaru Nakata 0-0: Called Strike
0-1: Called Strike
0-2: Ball
1-2: Strikes out looking
Batting: RHB Robbie Gomez 0-0: Ball
1-0: Called Strike
1-1: Ball
2-1: Ball
3-1: Called Strike
3-2: Base on Balls
Batting: RHB Tony Ledezma 0-0: Reached on error, E4 (Groundball, 4, EV 91.2 MPH)
Robbie Gomez to second
Batting: RHB Clark Meagher 0-0: Swinging Strike
0-1: Ball
1-1: Ball
2-1: Ball
3-1: Foul Ball, location: 2F
3-2: Base on Balls
Robbie Gomez to third
Tony Ledezma to second
Batting: RHB Rick English 0-0: Ball
Passed Ball!
Robbie Gomez scores
Tony Ledezma to third
Clark Meagher to second
1-0: Ball
2-0: Ball
3-0: Base on Balls
Batting: LHB Tony Olmos 0-0: Called Strike
0-1: Called Strike
0-2: Ball
Wild Pitch!
Tony Ledezma scores
Clark Meagher to third
Rick English to second
1-2: Ball
2-2: 3-RUN HOME RUN (Flyball, 9D, EV 99.4 MPH), Distance : 383 ft
Pitching: RHP Steve Langlois
Batting: RHB David Martin 0-0: Ball
1-0: Ball
2-0: SINGLE (Groundball, 4MS, EV 66.9 MPH) (infield hit)
Batting: RHB Axel Moltke 0-0: Called Strike
0-1: Called Strike
0-2: Ball
1-2: Strikes out swinging
Batting: RHB Terrell Smith 0-0: Called Strike
0-1: Ball
1-1: Called Strike
1-2: Ball
2-2: Strikes out looking
Top of the 8th over - 5 runs, 2 hits, 1 error, 1 left on base; Miami (APP) 5 - Johnson City 6
BOTTOM OF THE 8TH
Johnson City Cardinals batting - Pitching for Miami (APP) Marlins : RHP Eric Schafer
Batting: SHB Justin Towry 0-0: Ground out 6-3 (Groundball, 4MD, EV 107.5 MPH)
Batting: RHB Johnny Lowe 0-0: Ball
1-0: Called Strike
1-1: Ball
2-1: Called Strike
2-2: Fly out, F8 (Flyball, 8LD, EV 100.0 MPH)
Batting: RHB Geoff Musico 0-0: Fly out, F4 (Popup, 3D, EV 51.9 MPH)
Bottom of the 8th over - 0 runs, 0 hits, 0 errors, 0 left on base; Miami (APP) 5 - Johnson City 6
TOP OF THE 9TH
Miami (APP) Marlins batting - Pitching for Johnson City Cardinals : RHP Steve Langlois
Pitching: RHP Emmanuel Godfrey
Batting: RHB Hikaru Nakata 0-0: Called Strike
0-1: Ball
1-1: Ball
2-1: Foul Ball, location: 2F
2-2: Ball
3-2: Strikes out swinging
Batting: RHB Robbie Gomez 0-0: Called Strike
0-1: Swinging Strike
0-2: Ball
1-2: Foul Ball, location: 2F
1-2: Strikes out swinging
Batting: RHB Tony Ledezma 0-0: Called Strike
0-1: Foul Ball, location: 2F
0-2: Ball
1-2: Strikes out swinging
Top of the 9th over - 0 runs, 0 hits, 0 errors, 0 left on base; Miami (APP) 5 - Johnson City 6
Tuesday, March 28th , 2023 - OOTP Baseball 23.10 Build 110